 Dungeon Crawl Stone Soup version 0.22.1-2-g9c5b331 (webtiles) character file.

2742 Matador8 the Slicer (level 10, -5/70 HPs)
             Began as a Human Wanderer on Dec 18, 2018.
             Was a Believer of Nemelex Xobeh.
             Slain by an orc warrior
             ... wielding a +0 halberd
              (20 damage)
             ... on level 8 of the Dungeon on Dec 19, 2018.
             The game lasted 01:01:39 (7396 turns).

Matador8 the Slicer (Human Wanderer)                Turns: 7396, Time: 01:01:39

Health: -5/70      AC: 14    Str: 17    XL:     10   Next: 0%
Magic:  23/23      EV:  7    Int: 11    God:    Nemelex Xobeh [**....]
Gold:   454        SH:  0    Dex: 16    Spells: 9/9 levels left

rFire    . . .     SeeInvis .   e - +4 dagger
rCold    . . .     Gourm    .   (no shield)
rNeg     . . .     Faith    .   d - +2 chain mail {MR+}
rPois    .         Spirit   .   K - +0 helmet
rElec    +         Reflect  .   (no cloak)
rCorr    .         Harm     .   L - +0 pair of gloves
MR       +....                  (no boots)
Stlth    ..........             D - amulet of magic regeneration
HPRegen  0.21/turn              x - ring "Kungi" {rElec Str+3 Slay+5}
MPRegen  0.43/turn              y - ring of magical power

@: no status effects
A: no striking features
a: Renounce Religion


You were on level 8 of the Dungeon.
You worshipped Nemelex Xobeh.
Nemelex Xobeh was pleased with you.
You were very hungry.

You visited 1 branch of the dungeon, and saw 8 of its levels.
You also visited: Ossuary.

You collected 454 gold pieces.

Inventory:

Hand Weapons
 a - a +2 dagger
 e - a +4 dagger (weapon)
 A - the +6 spear "Tattletale" {flame, *Corrode +Rage Str+6 SInv}
   (You found it on level 4 of the Dungeon)

   It has been specially enchanted to burn those struck by it, causing extra
   injury to most foes and up to half again as much damage against particularly
   susceptible opponents.
   It affects your strength (+6).
   It lets you see invisible.
   It lets you go berserk.
   It may corrode you when you take damage.
Missiles
 p - 67 poisoned needles (quivered)
 G - 2 curare-tipped needles
Armour
 d - a +2 chain mail of magic resistance (worn)
 k - a +0 shield
 o - a +1 hat
 K - a +0 helmet (worn)
 L - a +0 pair of gloves (worn)
 N - the +1 ring mail of Surprise {+Fly rElec rPois Dex+3}
   (You found it on level 7 of the Dungeon)

   It affects your dexterity (+3).
   It insulates you from electricity.
   It protects you from poison.
   It lets you fly.
Jewellery
 x - the ring "Kungi" (left hand) {rElec Str+3 Slay+5}
   (You found it on level 4 of the Dungeon)

   [ring of strength]

   It affects your strength (+3).
   It affects your accuracy and damage with ranged weapons and melee attacks
   (+5).
   It insulates you from electricity.
 y - a ring of magical power (right hand)
 D - an amulet of magic regeneration (around neck)
Wands
 n - a wand of flame (19)
 J - a wand of polymorph (11)
Scrolls
 h - 2 scrolls of identify
 i - 5 scrolls of remove curse
 j - 3 scrolls of noise
 m - 2 scrolls of amnesia {unknown}
 q - 7 scrolls of enchant armour
 u - a scroll of magic mapping {unknown}
 B - 5 scrolls of teleportation
 C - 2 scrolls of enchant weapon {unknown}
 F - a scroll of fog {unknown}
 H - 2 scrolls of blinking {unknown}
Potions
 b - a potion of haste
 c - a potion of agility {unknown}
 g - 4 potions of lignification
 l - a potion of mutation {unknown}
 r - 4 potions of brilliance
 s - a potion of degeneration {unknown}
 t - 4 potions of curing
 v - a potion of invisibility {unknown}
 w - 2 potions of heal wounds {unknown}
 z - a potion of berserk rage {unknown}
 I - a potion of might {unknown}
Miscellaneous
 E - a plain deck of destruction {drawn: 3}
 M - a plain deck of destruction
Comestibles
 f - 7 rations


   Skills:
 - Level 3.1 Fighting
 * Level 10.2 Short Blades
   Level 1.0 Maces & Flails
 - Level 2.0 Throwing
 - Level 5.0 Armour
 - Level 4.5 Stealth
 - Level 1.0 Shields
 + Level 6.1 Invocations


You had 9 spell levels left.
You didn't know any spells.
Your spell library was empty.

Dungeon Overview and Level Annotations

Branches:
Dungeon (8/15)             Temple (0/1) D:7
   Lair: D:8-11

Altars:
Fedhas
Gozag
Hepliaklqana
Nemelex Xobeh
Ru
Sif Muna
Uskayaw
Wu Jian
Xom
Zin

Annotations:
D:7 Prince Ribbit


Message History

The orc warrior is lightly wounded.
You hit the orc warrior.
The orc warrior is moderately wounded.
You hit the orc warrior.
The orc warrior is moderately wounded.
The orc warrior hits you with a halberd!
* * * LOW HITPOINT WARNING * * *
You hit the orc warrior.
The orc warrior is heavily wounded.
You hit the orc warrior but do no damage.
The orc warrior is heavily wounded.
The orc warrior hits you with a halberd.
* * * LOW HITPOINT WARNING * * *
You hit the orc warrior but do no damage.
The orc warrior is heavily wounded.
You hit the orc warrior.
The orc warrior is heavily wounded.
The orc warrior hits you with a halberd!!
You die...
Your body glows slightly and disappears.

#.....................
###...................##
....O........#####....#
....o.)...$..#...#....#
....ah.o.....#...#....+
...######)...#...'....#
. #....)....#####....#
#...o#.............#
#...@#.............#
#....#####.........#
#........+.........#
#........#.........#
#+#####.##.........#
##.####'#.......
#...#...#.......
#...'...#.......
#########.......


You could see an orc warrior.

Vanquished Creatures
  Menkaure (D:7)
  Edmund (D:6)
  A black bear (D:8)
  A sky beast (D:6)
  2 ice beasts (D:6)
  3 ogres
  A centaur (D:7)
  A water moccasin zombie (D:6)
  10 scorpions
  The ghost of NikiYani the Digger, a weakling GnEE (D:3)
  2 howler monkeys (D:7)
  2 crimson imps (D:7)
  3 centaur zombies
  A bullfrog zombie (D:5)
  A human zombie (D:6)
  2 jellies
  3 hounds
  2 orc priests
  A centaur skeleton (D:4)
  4 orc wizards
  A bullfrog skeleton (D:4)
  Natasha (thrice) (D:3 D:4 D:7)
  2 iguanas
  3 worker ants
  2 big kobold zombies (Ossuary)
  A hound zombie (D:5)
  3 mummies (Ossuary)
  3 scorpion zombies (Ossuary)
  14 adders
  2 shadow imps
  2 worms
  A dart slug (D:3)
  6 leopard geckos
  13 orcs
  2 ball pythons
  5 giant cockroaches
  4 gnoll zombies (Ossuary)
  6 goblins
  3 hobgoblins (D:3)
  6 jackals
  8 kobolds
  A quokka (D:7)
  3 bats
  5 frilled lizards
  3 goblin zombies
  4 hobgoblin zombies (Ossuary)
  A jackal skeleton (D:5)
  A kobold zombie (Ossuary)
  2 orc zombies (Ossuary)
  3 rats
156 creatures vanquished.

Vanquished Creatures (others)
  5 dream sheep (D:5)
  A scorpion zombie (Ossuary)
6 creatures vanquished.

Grand Total: 162 creatures vanquished

Notes
Turn   | Place    | Note
-------+----------+-------------------------------------------
     0 | D:1      | Matador8 the Human Wanderer began the quest for the Orb.
     0 | D:1      | Matador8 set off with: a +2 dagger, a potion of haste, a +0
                  | mace, a +0 ring mail, a ration
     0 | D:1      | Reached XP level 1. HP: 16/16 MP: 1/1
   112 | D:1      | Reached XP level 2. HP: 22/22 MP: 2/2
   242 | D:1      | Reached skill level 1 in Short Blades
   713 | D:2      | Reached XP level 3. HP: 27/28 MP: 3/3
   765 | D:2      | Reached skill level 2 in Short Blades
   774 | D:2      | Found a sacrificial altar of Ru.
  1248 | D:2      | Reached XP level 4. HP: 35/35 MP: 4/4
  1606 | D:2      | Found a deep blue altar of Sif Muna.
  1607 | D:2      | Found a shimmering altar of Xom.
  1608 | D:2      | Found a blossoming altar of Fedhas.
  1608 | D:2      | Found a hazy altar of Hepliaklqana.
  1814 | D:3      | Reached skill level 1 in Throwing
  1856 | D:3      | Reached skill level 3 in Short Blades
  1916 | D:3      | Reached XP level 5. HP: 40/41 MP: 5/5
  1980 | D:3      | Found a runed door.
  1986 | D:3      | Noticed NikiYani's ghost (weakling GnEE)
  2013 | D:3      | Killed NikiYani's ghost
  2218 | D:3      | Reached XP level 6. HP: 47/47 MP: 6/6
  2229 | D:3      | Reached skill level 4 in Short Blades
  2674 | D:3      | Found a glowing silver altar of Zin.
  2674 | D:3      | Found an opulent altar of Gozag.
  2715 | D:4      | Noticed an ogre
  2969 | D:3      | Reached skill level 5 in Short Blades
  3189 | D:4      | Noticed Natasha
  3211 | D:3      | Killed Natasha
  3211 | D:3      | Reached XP level 7. HP: 35/52 MP: 7/7
  3495 | D:4      | Noticed Natasha
  3501 | D:4      | Killed Natasha
  3594 | D:4      | Got a heavily runed brass ring
  3639 | D:4      | Reached skill level 6 in Short Blades
  3741 | D:4      | Identified the ring "Kungi" {rElec Str+3 Slay+5} (You found
                  | it on level 4 of the Dungeon)
  3754 | D:4      | Got a shimmering spear
  3755 | D:4      | Identified the +6 spear "Tattletale" {flame, *Corrode +Rage
                  | Str+6 SInv} (You found it on level 4 of the Dungeon)
  3829 | D:5      | Entered Level 5 of the Dungeon
  3895 | D:5      | Found a sparkling altar of Nemelex Xobeh.
  3938 | D:5      | Became a worshipper of Nemelex Xobeh the Trickster
  3958 | D:5      | Received a gift from Nemelex Xobeh
  4147 | D:5      | Found a deep blue altar of Sif Muna.
  4190 | D:5      | Reached XP level 8. HP: 42/58 MP: 8/8
  4328 | D:5      | Reached skill level 1 in Invocations
  4409 | D:5      | Found a shimmering altar of Xom.
  4409 | D:5      | Noticed a dream sheep
  4409 | D:5      | Noticed a dream sheep
  4409 | D:5      | Noticed a dream sheep
  4409 | D:5      | Noticed a dream sheep
  4409 | D:5      | Noticed a dream sheep
  4413 | D:5      | Killed a dream sheep
  4414 | D:5      | Killed a dream sheep
  4414 | D:5      | Killed a dream sheep
  4414 | D:5      | Killed a dream sheep
  4414 | D:5      | Killed a dream sheep
  4677 | D:5      | Found a hide-covered altar of Uskayaw.
  4689 | D:5      | Reached * piety under Nemelex Xobeh
  4746 | D:6      | Noticed Edmund
  4867 | D:6      | Reached skill level 7 in Short Blades
  5112 | D:6      | Found a sand-covered staircase.
  5121 | Ossuary  | Entered an ossuary
  5456 | Ossuary  | Reached skill level 8 in Short Blades
  5456 | Ossuary  | Reached XP level 9. HP: 53/63 MP: 11/11
  5980 | Ossuary  | Reached skill level 9 in Short Blades
  6424 | D:7      | Reached skill level 5 in Invocations
  6446 | D:7      | Noticed Natasha
  6456 | D:7      | Killed Natasha
  6552 | D:7      | Noticed Menkaure
  6564 | D:7      | Killed Menkaure
  6672 | D:7      | Reached ** piety under Nemelex Xobeh
  6715 | D:7      | Found a staircase to the Ecumenical Temple.
  6726 | D:7      | Found an ornate altar of the Wu Jian Council.
  6757 | D:7      | Received a gift from Nemelex Xobeh
  6763 | D:7      | Got an ancient ring mail
  6774 | D:7      | Identified the +1 ring mail of Surprise {+Fly rElec rPois
                  | Dex+3} (You found it on level 7 of the Dungeon)
  6968 | D:7      | Noticed Prince Ribbit
  7072 | D:6      | Killed Edmund
  7350 | D:8      | Reached skill level 10 in Short Blades
  7376 | D:8      | Reached XP level 10. HP: 49/70 MP: 14/14
  7396 | D:8      | Slain by an orc warrior

Skill      XL: |  1  2  3  4  5  6  7  8  9 |
---------------+----------------------------+-----
Short Blades   | 1 2 3 5 6 8 10 | 10.2
Fighting       | 3 |  3.1
Throwing       | 1 2 |  2.0
Stealth        | 2 3 4 |  4.5
Invocations    | 3 6 |  6.1
Maces & Flails | |  1.0
Armour         | |  5.0
Shields        | |  1.0

Action                   |  1- 3 |  4- 6 |  7- 9 | 10-12 || total
-------------------------+-------+-------+-------+-------++-------
Melee: Dagger            |    80 |   243 |   418 |    16 ||   757
Evoke: Deck              |       |       |     3 |       ||     3
  Use: Scroll            |       |     2 |     5 |       ||     7
       Potion            |       |       |     1 |       ||     1
 Stab: Sleeping          |       |     2 |     7 |       ||     9
       Distracted        |       |       |     3 |       ||     3
  Eat: Chunk             |       |     7 |     6 |       ||    13
       Ration            |       |       |     2 |       ||     2
Armor: Ring mail         |    25 |    97 |    71 |       ||   193
       Chain mail        |       |       |    17 |     2 ||    19
Dodge: Dodged            |    34 |    89 |    96 |     3 ||   222
